 Dungeon Crawl Stone Soup version 0.29.0-4-gdea44cf6ec (webtiles) character file.

Game seed: 8707953096789193284

48 qw the Chopper (level 3, 0/21 HPs)
             Began as a Tengu Warper on Aug 28, 2022.
             Slain by a ball python (3 damage)
             ... on level 2 of the Dungeon.
             The game lasted 00:00:08 (1319 turns).

qw the Chopper (Tengu Warper)                       Turns: 1319, Time: 00:00:08

Health: 0/21       AC:  3    Str: 12 (13) XL:     3   Next: 72%
Magic:  7/7        EV: 11    Int: 11 (13) God:
Gold:   102        SH:  0    Dex: 10 (13) Spells: 6/6 levels left

rFire   . . .      SeeInvis .   Y - +0 hand axe
rCold   . . .      Faith    .   (no shield)
rNeg    . . .      Spirit   .   b - +0 leather armour
rPois   .          Reflect  .   (helmet restricted)
rElec   .          Harm     .   (no cloak)
rCorr   .          Rampage  .   (no gloves)
Will    .....                   (boots unavailable)
Stlth   +.........              (no amulet)
HPRegen 0.07/turn               (no ring)
MPRegen 0.10/turn               (no ring)

@: lethally poisoned (0 -> -1)
A: beak, talons 3
a: no special abilities


You were on level 2 of the Dungeon.
You visited 1 branch of the dungeon, and saw 2 of its levels.

You collected 102 gold pieces.


Innate Abilities, Weirdness & Mutations

You have a beak for a mouth.
You have claws for feet.


   Skills:
 - Level 2.0 Fighting
 + Level 4.3 Axes
 - Level 1.0 Throwing
 - Level 1.1 Armour
 - Level 2.1 Dodging
 - Level 2.0 Spellcasting
 - Level 2.4 Translocations


You had 6 spell levels left.
You didn't know any spells.
Your spell library contained the following spells:

 Spells                   Type           Power      Damage    Failure   Level
 Blink                    Tloc           12%        N/A       22%         2
 Gell's Gravitas          Tloc           6%         N/A       38%         3
 Lesser Beckoning         Tloc           6%         N/A       38%         3
 Teleport Other           Tloc           6%         N/A       38%         3
 Manifold Assault         Tloc           6%         N/A       98%         5

Inventory:

Hand Weapons
 e - a +0 mace
 Y - a +0 hand axe (weapon)
Armour
 b - a +0 leather armour (worn)
Jewellery
 f - a ring of fire
Scrolls
 a - a scroll of identify {unknown}
 c - a scroll of poison {unknown}
 d - a scroll of amnesia {unknown}
Potions
 g - a potion of ambrosia {unknown}
 h - 3 potions of brilliance {unknown}

Dungeon Overview and Level Annotations

Branches:
Dungeon (2/15)

Altars:


Message History

An adder comes into view.
You hit the orc.
The orc is lightly wounded.
The orc hits you with a +0 club.
You hit the orc.
The orc is severely wounded.
The orc hits you with a +0 club.
You hit the orc.
You kill the orc!
You barely miss the adder. Your kick misses the adder.
The adder closely misses you.
You barely miss the adder. Your punch misses the adder.
You closely miss the quokka. The quokka closely misses you.
The adder bites you. The quokka bites you.
You barely miss the adder. Your kick misses the adder. You miss the quokka.
The adder barely misses you. The adder completely misses you.
The quokka barely misses you.
You hit the adder. Your peck misses the adder.
The adder is moderately wounded.
You closely miss the quokka. The adder bites you.
You are poisoned.
The adder poisons you! The quokka bites you.
You hit the adder but do no damage. Your peck misses the adder.
The adder is moderately wounded.
You miss the quokka.
You feel sick. The adder closely misses you. The quokka bites you.
The adder bites you.
You slash the adder!
You kill the adder!
You hit the quokka but do no damage.
You feel sick. The quokka bites you.
The quokka bites you but does no damage.
You hit the quokka. You claw the quokka.
You kill the quokka!
You hit the giant cockroach.
You feel sick. The giant cockroach barely misses you.
The giant cockroach bites you but does no damage.
The ball python bites you.
You die...

##.......#......
####...............
........(..........
...................
.........##.#......
>.....##..#.#......
..............#.#..
......S###....#....
......B@....#..##..
......###..###.# ..
..... #### .# ....
# ... .. .


You could see a giant cockroach and a ball python.

Vanquished Creatures
  An adder (D:2)
  2 dart slugs
  An orc (D:2)
  3 endoplasms
  3 giant cockroaches
  4 hobgoblins (D:1)
  2 quokkas
  A ball python (D:2)
  5 bats
  2 frilled lizards (D:1)
  5 goblins (D:1)
  4 kobolds (D:1)
33 creatures vanquished.

Notes
Turn   | Place    | Note
-------+----------+-------------------------------------------
     0 | D:1      | qw the Tengu Warper began the quest for the Orb.
     0 | D:1      | Reached XP level 1. HP: 12/12 MP: 4/4
     0 | D:1      | 0 ||| qw: Version: 0.1-a-89-g26bdef1
     0 | D:1      | 0 ||| qw: Game counter: 115
     0 | D:1      | 0 ||| qw: Always use a shield: true
     0 | D:1      | 0 ||| qw: God list: Okawaru
     0 | D:1      | 0 ||| qw: Allow faded altars: false
     0 | D:1      | 0 ||| qw: Do Orc after D:15 true
     0 | D:1      | 0 ||| qw: Do second Lair branch before Depths: true
     0 | D:1      | 0 ||| qw: Lair rune preference: random
     0 | D:1      | 0 ||| qw: Plans: Normal
     0 | D:1      | 0 ||| PLANNING D:1-11
    28 | D:1      | 28 ||| Stepping ~*~*~tactically~*~*~ (hiding).
    44 | D:1      | Reached XP level 2. HP: 6/17 MP: 6/6
   285 | D:1      | Reached skill level 3 in Axes
   347 | D:1      | 347 ||| DROPPING +0 club.
   519 | D:1      | 519 ||| Stepping ~*~*~tactically~*~*~ (stealth).
   766 | D:1      | Reached XP level 3. HP: 21/21 MP: 7/7
   787 | D:1      | Found a faded altar of an unknown god.
  1075 | D:1      | 1075 ||| READING scroll labelled OKUSTR IXOCOG.
  1076 | D:1      | 1076 ||| READING scroll labelled TILIECW VIYQ.
  1077 | D:1      | 1077 ||| READING scroll labelled CIEHUU OTELA.
  1078 | D:1      | 1078 ||| DRINKING 2 black potions.
  1079 | D:1      | 1079 ||| DROPPING scroll of blinking.
  1080 | D:1      | 1080 ||| DROPPING potion of degeneration.
  1100 | D:2      | 1100 ||| STAIRDANCE
  1106 | D:2      | Reached skill level 4 in Axes
  1108 | D:2      | 1108 ||| Stepping ~*~*~tactically~*~*~ (hiding).
  1110 | D:2      | 1110 ||| Stepping ~*~*~tactically~*~*~ (hiding).
  1318 | D:2      | HP: 5/21 [quokka (1)]
  1319 | D:2      | Slain by a ball python

Levels and vault maps discovered:
D:1:      mrwooster_arrival_statue, layout_loops_ring,
          ebering_ecumenical_altar_petrified
D:2:      layout_rooms

Skill      XL: |  1  2  3 |
---------------+----------+-----
Axes           | 3 4 |  4.3
Fighting       | |  2.0
Throwing       | |  1.0
Armour         | |  1.1
Dodging        | |  2.1
Spellcasting   | |  2.0
Translocations | |  2.4

Action                   || total
-------------------------++-------
Melee: Hand axe          ||    73
       Kick              ||    14
       Peck              ||     3
Throw: Boomerang         ||     7
  Use: Scroll            ||     3
       Potion            ||     1
 Stab: Sleeping          ||     1
Armor: Leather armour    ||    16
Dodge: Dodged            ||    34

Table legend:
 A = Non-vault XP
 B = Vault XP
 C = Vault XP percentage of total XP
 D = Non-vault monster count
 E = Vault monster count
 F = Vault count percentage of total count
                 A         B        C        D         E       F
            +---------+---------+-------+---------+---------+-------
      Total |      71 |       0 |   0.0 |      33 |       0 |   0.0
            +---------+---------+-------+---------+---------+-------
        D:1 |      43 |       0 |   0.0 |      25 |       0 |   0.0
        D:2 |      28 |       0 |   0.0 |       8 |       0 |   0.0
            +---------+---------+-------+---------+---------+-------
